 Dungeon Sprint DCSS version 0.21-a0-405-gf2af9a1 (webtiles) character file.

1178 Kidiri the Fighter (level 8, 0/81 HPs)
             Began as a Hill Orc Monk on Nov 1, 2017.
             Was a High Priest of Wu Jian.
             Slain by Edmund
             ... wielding a +3 dire flail of holy wrath
              (13 damage)
             ... in the Dungeon (Sprint VII: "The Pits").
             The game lasted 00:04:37 (884 turns).

Kidiri the Fighter (Hill Orc Monk)                   Turns: 884, Time: 00:04:38

Health: 0/81       AC:  3    Str: 14    XL:     8   Next: 42%
Magic:  8/8        EV: 16    Int: 10    God:    Wu Jian [*****.]
Gold:   0          SH:  0    Dex: 15    Spells: 7/7 levels left

rFire    . . .     SeeInvis .   a - +0 long sword (flame)
rCold    . . .     Gourm    .   (no shield)
rNeg     . . .     Faith    .   u - +0 leather armour
rPois    .         Spirit   .   (no helmet)
rElec    .         Reflect  .   (no cloak)
rCorr    .         Harm     .   (no gloves)
MR       .....     NoTele   +   (no boots)
Stlth    ++++......             (no amulet)
HPRegen  0.23/turn              (no ring)
MPRegen  0.11/turn              (no ring)

@: no status effects
A: no striking features
a: Serpent's Lash, Heavenly Storm, Renounce Religion


You were in the Dungeon.
You worshipped Wu Jian.
Wu Jian was extremely pleased with you.
You were not hungry.

You visited 1 branch

Inventory:

Hand Weapons
 a - a +0 long sword of flaming (weapon)
Missiles
 r - 3 tomahawks (quivered)
Armour
 u - a +0 leather armour (worn)
Scrolls
 i - a scroll of blinking
 k - 3 scrolls of remove curse
 l - 5 scrolls of amnesia
 m - a scroll of summoning
Potions
 d - 5 potions of curing
 e - 3 potions of heal wounds
 f - a potion of haste
 g - 4 potions of magic
 h - 3 potions of berserk rage
 j - 2 potions of invisibility
Comestibles
 b - 6 chunks of flesh
 c - 8 bread rations
 n - 40 fruits
 o - 7 meat rations


   Skills:
 * Level 10.7 Fighting
 * Level 10.0 Long Blades
 + Level 6.4 Armour
 * Level 7.6 Dodging
 * Level 8.0 Stealth


You had 7 spell levels left.
You didn't know any spells.

Dungeon Overview and Level Annotations

Branches:
Dungeon (1/1)

Altars:
Ashenzari
Cheibriados
Dithmenos
Elyvilon
Fedhas
Gozag
Hepliaklqana
Kikubaaqudgha
Makhleb
Nemelex Xobeh
Okawaru
Qazlal
Ru
Sif Muna
Trog
Uskayaw
Vehumet
Wu Jian
Xom
Yredelemnul
Zin
The Shining One
Beogh
Jiyva
Lugonu

Annotations:
D Edmund


Message History

Edmund barely misses you.
You hit Edmund. You burn Edmund.
Edmund is moderately wounded.
The heavenly storm settles.
You barely miss Edmund.
Edmund is moderately wounded.
Edmund hits you with a dire flail of holy wrath.
You hit Edmund. You burn Edmund.
Edmund is heavily wounded.
Edmund hits you with a dire flail of holy wrath!
* * * LOW HITPOINT WARNING * * *
You barely miss Edmund.
Edmund is heavily wounded.
Edmund clears his throat.
Edmund hits you with a dire flail of holy wrath.
* * * LOW HITPOINT WARNING * * *
You hit Edmund. You burn Edmund.
Edmund is heavily wounded.
Edmund hits you with a dire flail of holy wrath!
You die...

#.##÷#..#+###...<...#
#.#(.......##.......#
#.#........##.......#
#'###########.......#
#.......#@M #########
#..###..#.#
#.......#M#
##.###.##@#
#...).).#@+
#..###).#§#
#.......+§#
###########


You could see Edmund and a mummy.

Vanquished Creatures
  A sea snake (D)
  A floating eye (D)
  An ice beast (D)
  A wolf (D)
  A big kobold (D)
  A bullfrog (D)
  4 wights (D)
  An orc wizard (D)
  A river rat (D)
  An adder (D)
  A white imp (D)
  An ufetubus (D)
  An adder skeleton (D)
  2 orcs (D)
  A hobgoblin (D)
  3 jackals (D)
  A kobold (D)
  A quokka (D)
  2 ball pythons (D)
  A rat (D)
27 creatures vanquished.

Notes
Turn   | Place    | Note
-------+----------+-------------------------------------------
     0 | D        | Kidiri the Hill Orc Monk began the quest for the Orb.
     0 | D        | Reached XP level 1. HP: 19/19 MP: 1/1
    12 | D        | Noticed a floating eye
    13 | D        | Paralysed by a floating eye for 4 turns
    21 | D        | Killed a floating eye
    21 | D        | Reached skill level 5 in Long Blades
    21 | D        | Reached XP level 2. HP: 30/30 MP: 2/2
    21 | D        | Reached XP level 3. HP: 37/37 MP: 3/3
    21 | D        | Reached XP level 4. HP: 44/44 MP: 4/4
    56 | D        | Found a bloodstained altar of Trog.
    56 | D        | Found a deep blue altar of Sif Muna.
    56 | D        | Found a viscous altar of Jiyva.
    56 | D        | Found a hazy altar of Hepliaklqana.
    56 | D        | Found an opulent altar of Gozag.
    57 | D        | Found a glowing golden altar of the Shining One.
    57 | D        | Found a glowing silver altar of Zin.
    57 | D        | Found a basalt altar of Yredelemnul.
    57 | D        | Found a shimmering altar of Xom.
    57 | D        | Found an ornate altar of the Wu Jian Council.
    57 | D        | Found a sacrificial altar of Ru.
    57 | D        | Found a stormy altar of Qazlal.
    57 | D        | Found an iron altar of Okawaru.
    57 | D        | Found a sparkling altar of Nemelex Xobeh.
    57 | D        | Found a burning altar of Makhleb.
    57 | D        | Found a blossoming altar of Fedhas.
    57 | D        | Found a white marble altar of Elyvilon.
    57 | D        | Found a shadowy altar of Dithmenos.
    57 | D        | Found a snail-covered altar of Cheibriados.
    59 | D        | Found a radiant altar of Vehumet.
    59 | D        | Found a corrupted altar of Lugonu.
    59 | D        | Found a roughly hewn altar of Beogh.
    60 | D        | Found a hide-covered altar of Uskayaw.
    60 | D        | Found an ancient bone altar of Kikubaaqudgha.
    60 | D        | Found a shattered altar of Ashenzari.
    66 | D        | Became a worshipper of the Wu Jian Council
    66 | D        | Reached * piety under Wu Jian
    66 | D        | Reached ** piety under Wu Jian
   164 | D        | Reached *** piety under Wu Jian
   239 | D        | Noticed a big kobold
   245 | D        | Reached XP level 5. HP: 51/51 MP: 5/5
   247 | D        | Reached **** piety under Wu Jian
   396 | D        | Killed a big kobold
   396 | D        | Reached skill level 5 in Dodging
   396 | D        | Reached skill level 5 in Stealth
   454 | D        | Noticed an ice beast
   483 | D        | Reached XP level 6. HP: 27/61 MP: 6/6
   496 | D        | Killed an ice beast
   496 | D        | Reached ***** piety under Wu Jian
   557 | D        | Reached skill level 5 in Armour
   794 | D        | Reached XP level 7. HP: 70/70 MP: 7/7
   861 | D        | Noticed a sea snake
   873 | D        | Killed a sea snake
   873 | D        | Reached skill level 10 in Fighting
   873 | D        | Reached XP level 8. HP: 31/81 MP: 8/8
   874 | D        | Noticed Edmund
   878 | D        | Reached skill level 10 in Long Blades
   884 | D        | Slain by Edmund

Vault maps used:
D:        pitsprint

Skill      XL: |  1  2  3  4  5  6  7  8 |
---------------+-------------------------+-----
Fighting       | 6 7 9 10 | 10.7
Long Blades    | 5 7 8 9 10 | 10.0
Armour         | 2 3 4 5 6 |  6.4
Dodging        | 4 5 6 7 |  7.6
Stealth        | 4 5 6 7 8 |  8.0

Action                   |  1- 3 |  4- 6 |  7- 9 || total
-------------------------+-------+-------+-------++-------
Melee: Falchion          |     5 |    38 |       ||    43
       Long sword        |       |    45 |    31 ||    76
Invok: Serpent's Lash    |       |     2 |       ||     2
       Heavenly Storm    |       |       |     1 ||     1
  Use: Potion            |       |     3 |     1 ||     4
 Stab: Sleeping          |       |     5 |     2 ||     7
Armor: Robe              |       |     5 |       ||     5
       Leather armour    |       |       |     3 ||     3
Dodge: Dodged            |       |    63 |    19 ||    82
       Rpst.: Falchion   |       |     6 |       ||     6
       Long sword        |       |    11 |     4 ||    15

Table legend:
 A = Spawn XP
 B = Non-spawn XP
 C = Spawn XP percentage of total XP
 D = Spawn monster count
 E = Non-spawn monster count
 F = Spawn count percentage of total count
 G = Total turns spent on level
                    A         B        C        D         E        F      G
               +---------+---------+-------+---------+---------+-------+---------
         Total |       0 |    1684 |   0.0 |       0 |      27 |   0.0 |   884
               +---------+---------+-------+---------+---------+-------+---------
             D |       0 |    1684 |   0.0 |       0 |      27 |   0.0 |   884
               +---------+---------+-------+---------+---------+-------+---------
